Map: Pendiente de Agustín EE

Players

FlyingTurtle

  • Race: Zerg Zerg
  • Spawn Location: 5:00

Chowster

  • Race: Protoss Protoss
  • Spawn Location: 6:00

leuonidas

  • Race: Zerg Zerg
  • Spawn Location: 6:00

MrFercho

  • Race: Zerg Zerg
  • Spawn Location: 12:00

tigro

  • Race: Terran Terran
  • League: Bronze
  • Spawn Location: 11:00

TATORREA

  • Race: Protoss Protoss
  • League: Silver
  • Spawn Location: 12:00

VOD

Have the link to the VOD?

Description

Time

  • Played on: June 11, 2020, 9:56 p.m.
  • Length: 14:12
Show
View Real Time Build Order
Export as new Build Order

FlyingTurtle Zerg 

Build Orders: Hatch First 

Get SALT Encoding   

  12  0:02  Drone  
  13  0:13  Drone  
  14  0:16  Overlord  
  14  0:34  Drone x2  
  16  0:54  Drone  
  16  0:55  Drone  
  18  1:00  Hatchery  
  17  1:13  Drone  
  17  1:14  Spawning Pool  
  17  1:16  Drone  
  18  1:22  Drone  
  19  1:31  Extractor, Drone  
  19  1:43  Drone  
  20  1:59  Drone  
  21  2:13  Extractor  
  20  2:16  Drone  
  20  2:17  Zergling x2  
  22  2:27  Drone x2  
  22  2:28  Drone  
  25  2:52  Evolution Chamber  
  25  2:53  Roach Warren, Drone x2  
  25  2:55  Drone x3  
  28  3:14  Overlord  
  28  3:15  Overlord x2  
  28  3:27  Lair  
  28  3:32  Queen  
  30  3:36  Drone x3  
  30  3:37  Drone  
  34  3:42  Roach  
  36  4:00  Zerg Melee Weapons Level 1  
  36  4:02  Metabolic Boost  
  36  4:20  Drone x6  
  42  4:35  Roach  
  44  4:46  Hydralisk Den  
  44  4:49  Roach  
  45  4:53  Roach x2  
  49  5:05  Extractor  
  49  5:06  Extractor  
  47  5:23  Hydralisk x2  
  51  5:29  Overlord  
  51  5:30  Overlord  
  51  5:58  Drone  
  51  5:59  Drone x5  
  52  6:12  Hydralisk x2  
  50  6:45  Grooved Spines  
  50  6:46  Infestation Pit  
  49  6:48  Hydralisk x4  
  49  6:49  Hydralisk x2  
  61  7:11  Hatchery  
  60  7:34  Extractor  
  59  7:37  Extractor  
  59  7:40  Drone x5  
  59  7:41  Drone  
  59  7:42  Overlord x2  
  59  7:43  Overlord  
  64  7:56  Muscular Augments  
  64  8:03  Spire  
  64  8:04  Hive  
  63  8:21  Hatchery  
  63  8:22  Drone x5  
  63  8:23  Hydralisk x2  
  71  8:35  Hydralisk x5  
  81  8:51  Drone x4  
  85  9:10  Drone x2  
  85  9:13  Drone x4  
  85  9:14  Hydralisk x2  
  95  9:28  Hydralisk  
  95  9:31  Overlord x4  
  97  9:40  Pneumatized Carapace  
  97  9:45  Drone  
  97  9:46  Drone x5  
  103  9:56  Hydralisk x4  
  97  10:47  Drone x3  
  100  10:54  Drone  
  100  10:55  Drone x2  
  103  11:00  Hydralisk x5  
  103  11:01  Hydralisk x2  
  107  11:23  Hydralisk x3  
  107  11:24  Hydralisk x5  
  77  12:59  Drone x2  
  77  13:00  Drone x4  
  77  13:01  Drone x5  
  77  13:02  Drone x4  
  77  13:03  Drone  
  85  13:30  Hydralisk x7  
  107  14:05  Hatchery  
Show
View Real Time Build Order
Export as new Build Order

Chowster Protoss 

Build Orders:  

Get SALT Encoding   

  12  0:01  Probe  
  13  0:15  Pylon  
  13  0:26  Probe  
  14  0:34  Gateway  
  14  0:41  Probe  
  15  0:44  Assimilator  
  15  0:53  Probe  
  16  1:04  Pylon  
  16  1:28  Probe, Zealot  
  19  1:33  Cybernetics Core  
  19  1:35  Assimilator  
  19  2:26  Warp Gate  
  19  2:46  Zealot  
  19  2:47  Probe  
  22  2:59  Probe  
  22  3:02  Pylon, Nexus  
  23  3:21  Probe  
  23  3:22  Stalker  
  26  3:29  Probe  
  27  3:36  Stargate  
  27  3:38  Probe  
  24  4:17  Gateway  
  24  4:20  Zealot  
  26  4:28  Fleet Beacon  
  26  4:41  Zealot  
  28  5:02  Void Ray  
  28  5:04  Stalker  
  28  5:38  Probe, Unknown  
  28  5:39  Probe  
  30  5:45  Protoss Air Weapons Level 1  
  30  5:46  Probe  
  30  5:56  Probe  
  32  6:05  Stalker x2, Probe  
  32  6:07  Void Ray, Probe  
  42  6:13  Probe  
  42  6:15  Probe  
  43  6:21  Assimilator  
  43  6:22  Probe  
  43  6:24  Assimilator, Probe  
  45  6:28  Pylon  
  46  6:34  Probe  
  46  6:36  Probe  
  48  6:47  Stalker x2  
  48  6:48  Probe  
  53  7:00  Probe  
  54  7:11  Probe  
  54  7:12  Probe  
  54  7:15  Void Ray  
  56  7:21  Stargate  
  60  7:25  Pylon  
  60  7:28  Gateway  
  60  7:36  Robotics Facility  
  60  8:02  Probe  
  61  8:06  Probe  
  62  8:16  Void Ray  
  62  8:17  Void Ray  
  70  8:25  Nexus  
  70  8:29  Pylon  
  70  8:43  Pylon  
  70  8:47  Probe, Observer  
  72  8:54  Pylon  
  72  8:56  Pylon  
  72  8:58  Pylon  
  72  9:02  Pylon  
  72  9:06  Protoss Air Armor Level 1  
  72  9:07  Void Ray x2  
  72  9:08  Observer  
  81  9:10  Probe  
  81  9:11  Assimilator  
  81  9:14  Assimilator  
  82  9:18  Cybernetics Core  
  82  9:26  Forge  
  82  9:48  Probe  
  83  9:56  Probe  
  83  10:06  Probe  
  84  10:13  Protoss Air Weapons Level 2  
  85  10:15  Void Ray  
  85  10:16  Void Ray  
  85  10:18  Probe  
  94  10:35  Protoss Shields Level 1  
  94  10:40  Probe  
  94  10:41  Probe  
  96  10:52  Probe  
  96  10:53  Probe  
  96  10:54  Stargate  
  98  10:58  Stalker, Void Ray x2  
  98  10:59  Stalker x2  
  112  11:06  Probe  
  96  11:41  Probe  
  96  11:43  Void Ray x2  
  96  11:44  Void Ray  
  109  11:49  Immortal, Probe  
  109  11:52  Stalker x3  
  120  11:59  Probe  
Show
View Real Time Build Order
Export as new Build Order

leuonidas Zerg 

Build Orders: Hatch First, Roach Hydra 

Get SALT Encoding   

  12  0:01  Drone  
  13  0:16  Overlord, Drone  
  14  0:38  Drone x3  
  17  0:57  Hatchery  
  17  1:02  Drone  
  17  1:03  Drone  
  18  1:16  Spawning Pool  
  17  1:19  Extractor  
  17  1:20  Drone  
  17  1:24  Drone  
  18  1:57  Overlord  
  18  1:58  Drone x2  
  20  2:10  Queen, Drone  
  20  2:13  Queen  
  25  2:25  Drone  
  26  2:45  Metabolic Boost  
  26  2:46  Zergling x4, Roach Warren  
  26  2:47  Zergling x2  
  26  2:50  Drone x2  
  30  3:11  Drone x2  
  32  3:23  Lair  
  32  3:32  Evolution Chamber  
  28  4:12  Zergling x6  
  28  4:13  Zergling x6  
  34  4:18  Drone x2  
  34  4:19  Overlord  
  36  4:27  Extractor  
  36  4:30  Extractor  
  34  4:33  Glial Reconstitution  
  34  4:35  Zerg Missile Weapons Level 1  
  34  4:42  Drone x2  
  36  4:54  Drone x3  
  39  5:00  Spore Crawler  
  39  5:01  Drone x3  
  39  5:07  Drone x3  
  42  5:11  Extractor  
  38  5:48  Drone x3  
  40  5:52  Roach x2  
  40  5:53  Overlord x2  
  44  6:17  Drone x2  
  44  6:18  Drone  
  47  6:21  Roach x3  
  53  6:27  Overlord  
  53  6:31  Spine Crawler  
  52  6:45  Hatchery  
  51  6:48  Zerg Missile Weapons Level 2  
  51  6:50  Roach x2  
  55  6:54  Roach  
  55  6:55  Roach  
  55  6:56  Overlord x2  
  60  7:01  Drone  
  60  7:02  Overlord  
  60  7:12  Hydralisk Den  
  59  7:26  Roach x3  
  65  7:53  Grooved Spines  
  65  7:54  Hydralisk x3  
  65  7:55  Hydralisk x3  
  77  7:59  Overlord x2  
  77  8:00  Hydralisk  
  79  8:06  Queen, Drone  
  82  8:16  Drone  
  83  8:24  Hydralisk  
  83  8:25  Hydralisk  
  87  8:27  Hydralisk  
  87  8:28  Hydralisk x2  
  93  8:39  Infestation Pit  
  92  8:42  Spine Crawler  
  92  8:43  Queen  
  93  8:51  Spine Crawler  
  93  8:54  Drone x2, Spore Crawler  
  93  8:55  Drone  
  94  8:57  Drone x3  
  97  9:02  Extractor  
  97  9:03  Drone x3  
  97  9:05  Muscular Augments  
  99  9:12  Hydralisk  
  99  9:15  Hydralisk  
  103  9:21  Hive  
  103  9:27  Drone x2  
  105  9:31  Drone  
  105  9:32  Extractor  
  105  9:37  Overseer  
  105  9:39  Pneumatized Carapace  
  105  9:46  Overlord  
  105  9:47  Overlord x2  
  105  9:48  Overlord x2  
  105  9:49  Overlord  
  105  9:51  Drone  
  107  10:07  Drone x5  
  107  10:09  Drone x3  
  114  10:30  Drone x2  
  114  10:32  Hydralisk x3  
  114  10:33  Hydralisk x2  
  114  10:34  Spore Crawler  
  125  10:56  Hydralisk x2  
  127  11:38  Hydralisk x4  
  135  11:46  Hydralisk x3  
  119  12:29  Hydralisk x3  
  125  12:30  Hydralisk x2  
  125  12:31  Hydralisk  
  125  12:34  Drone x3  
  134  12:41  Hydralisk  
  88  13:44  Hydralisk x2  
  88  13:45  Hydralisk x3  
  88  13:47  Hydralisk x3  
  104  14:09  Hatchery  
  103  14:10  Hatchery  
Show
View Real Time Build Order
Export as new Build Order

MrFercho Zerg 

Build Orders: Pool First 

Get SALT Encoding   

  12  0:08  Drone x2  
  14  0:23  Overlord  
  14  1:06  Spawning Pool  
  14  1:07  Overlord  
  14  1:09  Drone  
  14  1:10  Hatchery  
  13  1:14  Drone  
  14  1:21  Drone  
  15  1:29  Drone  
  16  1:44  Drone  
  17  1:52  Drone  
  18  1:57  Extractor  
  18  2:00  Extractor, Queen  
  18  2:04  Drone  
  19  2:12  Drone  
  21  2:24  Queen  
  21  2:27  Drone  
  21  2:29  Drone  
  25  2:33  Drone  
  25  2:34  Drone  
  27  2:47  Drone x2  
  29  2:54  Drone  
  29  2:55  Drone  
  31  3:10  Metabolic Boost  
  31  3:11  Drone x3, Evolution Chamber  
  31  3:12  Drone x2  
  35  3:16  Drone  
  36  3:28  Overlord x2  
  36  3:43  Roach Warren  
  36  3:47  Zerg Melee Weapons Level 1  
  35  3:52  Zergling x10  
  40  4:15  Lair  
  40  4:26  Extractor  
  40  4:27  Drone x7  
  46  4:33  Extractor x2  
  46  4:37  Drone x4  
  48  4:41  Queen  
  50  4:52  Drone x2  
  52  4:54  Hatchery, Overlord  
  52  4:55  Overlord  
  51  5:01  Drone  
  50  6:28  Overlord  
  50  6:29  Overlord x2  
  50  6:30  Overlord  
  50  6:32  Drone x13  
  63  6:33  Drone x4  
  67  6:54  Hydralisk Den  
  67  6:59  Drone  
  67  7:00  Drone x2  
  69  7:02  Drone  
  69  7:06  Zerg Missile Weapons Level 1  
  70  7:12  Evolution Chamber  
  70  7:15  Evolution Chamber  
  68  7:21  Infestation Pit  
  67  7:25  Grooved Spines  
  67  7:27  Hydralisk x10  
  67  7:28  Hydralisk x7  
  101  7:39  Zerg Ground Armor Level 1  
  101  7:42  Zerg Melee Weapons Level 2  
  101  7:47  Overseer  
  101  8:02  Extractor  
  100  8:06  Extractor  
  99  8:21  Overlord x4  
  99  8:22  Overlord  
  99  8:26  Overseer  
  99  8:27  Overseer  
  99  8:36  Muscular Augments  
  99  8:42  Hive  
  99  8:43  Pneumatized Carapace  
  99  8:55  Spire  
  98  8:56  Hydralisk  
  98  8:57  Hydralisk x6  
  112  9:17  Hydralisk  
  112  9:18  Hydralisk x4  
  112  9:22  Drone  
  112  9:23  Drone x14  
  137  9:43  Hatchery x2  
  137  9:44  Zerg Missile Weapons Level 2  
  135  9:46  Zerg Ground Armor Level 2  
  135  10:02  Nydus Network  
  134  10:16  Zerg Flyer Weapons Level 1  
  134  10:20  Zerg Melee Weapons Level 3  
  134  10:46  Hydralisk  
  134  10:49  Overlord x2  
  136  10:50  Overlord x2  
  136  10:51  Overlord x2  
  136  10:52  Overlord x6  
  136  10:53  Overlord x3  
  136  11:14  Mutalisk x4  
  136  11:15  Mutalisk x6  
  98  11:44  Lurker Den  
  94  12:08  Mutalisk x7  
  94  12:12  Zergling x2  
  94  12:13  Zergling x14  
  96  12:30  Hatchery  
  96  12:32  Hatchery  
  96  12:33  Hatchery  
  71  12:53  Hydralisk  
  71  12:54  Hydralisk x14  
  60  13:45  Zergling x2  
  60  13:46  Zergling x22  
Show
View Real Time Build Order
Export as new Build Order

tigro Terran 

Build Orders:  

Get SALT Encoding   

  12  0:08  SCV  
  13  0:20  SCV  
  14  0:27  Supply Depot  
  14  0:33  SCV  
  15  0:36  Refinery  
  15  0:49  SCV  
  16  1:00  Barracks  
  16  1:05  SCV  
  17  1:17  SCV  
  18  1:19  Refinery  
  18  1:29  SCV  
  19  1:41  SCV  
  20  1:53  Marine, SCV  
  22  2:01  Barracks  
  22  2:05  SCV  
  23  2:18  Supply Depot  
  23  2:39  Marine, SCV  
  25  2:48  Engineering Bay  
  25  2:51  Barracks Tech Lab, SCV  
  25  2:57  Marine  
  27  3:02  Factory  
  27  3:14  Marine  
  28  3:31  Combat Shield  
  28  3:32  Marine  
  29  3:34  Marine  
  29  3:38  Orbital Command  
  30  3:45  Terran Infantry Weapons Level 1  
  30  3:52  Marine  
  31  4:00  Command Center  
  31  4:21  Marine  
  32  4:28  Starport  
  32  4:39  Marine  
  33  4:46  Factory Tech Lab  
  33  4:50  Concussive Shells  
  33  4:53  Barracks Tech Lab  
  33  4:56  Marine  
  34  5:07  Starport  
  34  5:13  Refinery  
  34  5:14  Marine  
  35  5:32  Stimpack, Marine  
  36  5:39  Terran Infantry Armor Level 1  
  36  5:50  Marine  
  37  6:08  Marine  
  38  6:19  Starport Tech Lab x2  
  38  6:46  Fusion Core  
  38  6:55  Widow Mine  
  40  7:10  SCV  
  41  7:16  Widow Mine  
  41  7:22  SCV  
  44  7:28  Refinery  
  44  7:33  Neosteel Armor  
  44  7:34  SCV  
  45  7:37  Armory, Widow Mine  
  47  7:46  SCV  
  48  7:58  SCV  
  49  7:59  Widow Mine  
  49  8:02  Weapon Refit  
  51  8:09  Medivac x2  
  55  8:20  Widow Mine  
  57  8:33  Terran Vehicle Weapons Level 1  
  57  8:35  Drilling Claws  
  57  9:03  Planetary Fortress  
  57  9:13  Hi-Sec Auto Tracking  
  57  9:28  Marine x2  
  59  9:42  Rapid Reignition System  
  59  9:46  Marine x2  
  61  9:54  Command Center  
  61  9:59  Supply Depot  
  61  10:04  Marine  
  62  10:10  Terran Infantry Weapons Level 2  
  62  10:20  Cloaking Field, Marine  
  63  10:22  Supply Depot, Marine  
  63  10:27  Terran Vehicle And Ship Armor Level 1  
  64  10:38  Advanced Ballistics, Marine  
  64  10:39  Marine  
  64  10:40  Widow Mine  
  68  10:56  Marine  
  69  11:01  Widow Mine  
  71  11:06  Refinery  
  71  11:09  Refinery  
  71  11:20  Battlecruiser  
  71  11:21  Battlecruiser  
  71  11:23  Widow Mine  
  85  11:39  Hyperflight Rotors  
  85  11:44  Widow Mine  
  65  12:05  Widow Mine  
  65  12:06  Marine x2  
  61  12:24  Marine x2  
  63  12:42  Marine x2  
  53  13:00  Marine x2  
  55  13:12  Thor  
  61  13:18  Marine x2  
Show
View Real Time Build Order
Export as new Build Order

TATORREA Protoss 

Build Orders:  

Get SALT Encoding   

  12  0:01  Probe  
  13  0:18  Probe  
  14  0:24  Pylon  
  14  0:30  Probe  
  15  0:49  Gateway  
  15  0:50  Gateway  
  15  1:01  Gateway  
  15  1:02  Probe  
  16  1:14  Probe  
  16  1:17  Assimilator  
  17  1:30  Probe  
  18  1:41  Gateway  
  18  1:42  Probe  
  19  1:58  Probe  
  20  2:20  Probe  
  21  2:27  Zealot  
  23  2:50  Assimilator  
  23  3:02  Nexus  
  23  3:06  Pylon  
  23  3:08  Pylon  
  23  3:21  Pylon  
  23  3:24  Probe, Zealot  
  26  3:30  Zealot x3  
  26  4:15  Zealot  
  26  4:16  Zealot x2  
  32  4:22  Probe x2  
  34  4:34  Cybernetics Core  
  34  4:36  Forge  
  34  4:40  Pylon  
  34  4:44  Pylon  
  34  4:45  Probe x2  
  36  4:55  Pylon  
  36  4:57  Probe  
  36  4:58  Probe  
  38  5:15  Shield Battery  
  38  5:16  Probe x2  
  37  5:43  Gateway  
  37  5:44  Probe  
  37  5:45  Probe  
  39  5:56  Protoss Ground Weapons Level 1  
  39  5:57  Probe x2  
  41  6:01  Warp Gate  
  41  6:09  Probe x2  
  43  6:12  Gateway  
  43  6:21  Probe x2  
  45  6:33  Probe x2  
  47  6:42  Assimilator  
  47  6:44  Assimilator  
  47  6:45  Probe x2  
  49  6:57  Probe x2  
  51  7:03  Twilight Council  
  51  7:04  Robotics Facility  
  51  7:07  Stargate  
  51  7:08  Stargate  
  51  7:14  Nexus  
  51  7:21  Gateway, Probe x2  
  53  7:22  Gateway  
  53  7:25  Gateway  
  53  7:28  Forge  
  53  7:30  Forge  
  53  7:33  Probe x2, Cybernetics Core  
  55  7:52  Probe  
  55  7:53  Probe  
  55  7:58  Oracle x2  
  63  8:00  Immortal  
  63  8:04  Stalker  
  63  8:05  Stalker, Probe x2  
  71  8:07  Stalker  
  71  8:09  Stalker  
  77  8:17  Probe x2  
  79  8:21  Pylon  
  79  8:25  Pylon  
  79  8:26  Protoss Ground Armor Level 1  
  79  8:28  Protoss Shields Level 1  
  79  8:29  Pylon  
  79  8:31  Protoss Ground Weapons Level 2  
  79  8:32  Probe x2  
  79  8:33  Probe  
  82  8:46  Probe x2  
  82  8:47  Protoss Air Weapons Level 1, Probe  
  85  8:49  Protoss Air Armor Level 1  
  85  8:58  Probe x2  
  85  9:00  Probe  
  88  9:03  Assimilator  
  88  9:05  Zealot x3  
  88  9:06  Zealot  
  88  9:07  Assimilator  
  96  9:10  Probe x2  
  96  9:12  Probe  
  99  9:22  Probe  
  99  9:23  Probe  
  99  9:24  Probe  
  102  9:31  Charge  
  102  9:34  Void Ray x2  
  110  9:40  Observer  
  111  9:55  Stalker x2  
  111  9:56  Stalker x2  
  111  9:57  Stalker x2  
  111  9:58  Stalker  
  122  10:35  Stalker x2  
  123  10:36  Stalker  
  125  10:46  Pylon  
  125  10:50  Pylon  
  125  10:59  Pylon  
  125  11:03  Pylon  
  125  11:07  Pylon  
  125  11:09  Void Ray x2  
  137  11:11  Immortal, Pylon  
  137  11:15  Pylon  
  137  11:18  Pylon  
  80  11:48  Nexus  
  80  11:51  Zealot  
  80  11:52  Zealot x4  
  80  11:53  Pylon, Zealot x2  
  94  11:55  Pylon  
  94  11:59  Pylon  
  90  12:03  Pylon  
Tags
 
Add a new tag
Caveats
  • Supply blocks, unpowered buildings, or Contaminate may cause inaccurate times.
  • Supply counts are checked every 10 seconds.